 Dungeon Crawl Stone Soup version 0.19.1 (webtiles) character file.

872 empire the Ruffian (level 7, -6/66 HPs)
             Began as a Troll Monk on Dec 15, 2016.
             Mangled by an orc warrior
             ... wielding a +0 flail
              (18 damage)
             ... on level 5 of the Dungeon.
             The game lasted 00:10:32 (3366 turns).

empire the Ruffian (Troll Monk)                     Turns: 3366, Time: 00:10:33

Health: -6/66      AC:  5    Str: 21    XL:     7   Next: 74%
Magic:  6/6        EV: 12    Int:  6    God:
Gold:   284        SH:  0    Dex: 13    Spells: 0 memorised, 6 levels left

rFire  . . .     SeeInvis .       - Unarmed
rCold  . . .     Gourm    +     a - +0 robe
rNeg   . . .     Faith    .     (no shield)
rPois  .         Spirit   .     (helmet restricted)
rElec  .         Reflect  .     (no cloak)
rCorr  .         Harm     .     (gloves unavailable)
MR     .....                    (boots unavailable)
Stlth  ++........               (no amulet)
                                (no ring)
                                (no ring)

@: no status effects
A: unfitting armour, claws 3, fast metabolism 3, gourmand, regeneration 1,
shaggy fur 1, tough skin 2
a: no special abilities


You were on level 5 of the Dungeon.
You were full.

You visited 1 branch of the dungeon, and saw 5 of its levels.

You collected 284 gold pieces.

Inventory:

Hand Weapons
 i - a cursed -1 whip
 m - a +3 hunting sling
 o - a +2 hand axe of draining
 z - a cursed +0 rapier
Missiles
 e - 5 large rocks (quivered)
 p - 47 arrows
Armour
 a - a +0 robe (worn)
Wands
 u - a wand of random effects (7/48)
Scrolls
 c - 4 scrolls of teleportation {unknown}
 d - 5 scrolls of identify {unknown}
 f - a scroll of amnesia {unknown}
 j - a scroll of enchant armour {unknown}
 l - a scroll of fear {unknown}
 n - a scroll of immolation {unknown}
 q - 2 scrolls of noise {unknown}
 t - a scroll of recharging {unknown}
 w - a scroll of fog {unknown}
 x - a scroll of enchant weapon {unknown}
 y - a scroll of remove curse {unknown}
Potions
 h - a potion of heal wounds
 k - 2 potions of brilliance {unknown}
 r - a potion of might
 v - a potion of curing
Comestibles
 b - 5 bread rations
 g - 3 meat rations
 s - a slice of pizza


   Skills:
 - Level 2.4 Fighting
 + Level 4.3 Throwing
 + Level 5.1 Dodging
 - Level 1.0 Stealth
 + Level 5.5 Unarmed Combat


You had 6 spell levels left.
You didn't know any spells.

Dungeon Overview and Level Annotations

Branches:
Dungeon (5/15)
 Temple: D:4-7

Altars:
Ashenzari
Nemelex Xobeh
Qazlal

Annotations:
D:3 Sigmund


Innate Abilities, Weirdness & Mutations

You are too large for most types of armour.
You have claws for hands.
Your metabolism is lightning-fast.
You like to eat raw meat.
Your natural rate of healing is unusually fast.
You are covered in fur. (AC +1)
You have very tough skin. (AC +2)


Message History

The orc warrior hits you with a flail!
* * * LOW HITPOINT WARNING * * *
Okay, then.
Evoke which item? (* to show all) (? for menu, Esc to quit)
Zapping:
u - a wand of random effects (will waste charges)
Press: ? - help, Shift-Dir - straight line, f - orc warrior
Aim: an orc warrior, wielding a flail and wearing a plate armour (heavily wounded)
The orc warrior seems to speed up.
Evoking this partially-identified wand wasted a few charges.
The orc warrior closely misses you. The orc warrior hits you with a flail.
* * * LOW HITPOINT WARNING * * *
Evoke which item? (* to show all) (? for menu, Esc to quit)
Zapping:
u - a wand of random effects {zapped: 3} (will waste charges)
Press: ? - help, Shift-Dir - straight line, f/p - orc warrior
Aim: an orc warrior, wielding a flail and wearing a plate armour (heavily wounded, fast)
The orc warrior resists with some effort.
Evoking this partially-identified wand wasted a few charges.
The orc warrior hits you with a flail!!
You die...

#........# #.# #................
#....>...###'###.###..##......<.
#...[......'_'........##..####..
#........#######...##.#...# #...
#...<....# ### #....#.#...# #.##
#........#######).....#..####.#
#............))).#..#....#....#
#............####..........####
##########.#...@o..........#####
#.#####.......).......#
#.######...............
#####.....##..........##...
##....................######
##.............>.......# #
#...............#.....## ####
#......#####..........####...
#[.....#.#^#...........##....


You could see an orc warrior.

Vanquished Creatures
  An ice beast (D:5)
  A phantom (D:4)
  A scorpion (D:5)
  A howler monkey (D:5)
  2 hounds (D:5)
  A jelly (D:4)
  4 orc priests
  5 orc wizards
  An iguana (D:4)
  2 worker ants
  A hound skeleton (D:5)
  A gnoll (D:5)
  A worker ant zombie (D:5)
  4 adders
  6 worms (D:2)
  4 dart slugs
  5 leopard geckos
  17 orcs
  2 ball pythons
  5 bats
  2 giant cockroaches
  7 goblins
  4 hobgoblins
  4 jackals (D:2)
  6 frilled lizards
  8 kobolds
  A quokka skeleton (D:4)
  7 rats
104 creatures vanquished.

Vanquished Creatures (others)
  A kobold (D:4)
1 creature vanquished.

Grand Total: 105 creatures vanquished

Notes
Turn   | Place    | Note
-------+----------+-------------------------------------------
     0 | D:1      | empire the Troll Monk began the quest for the Orb.
     0 | D:1      | Reached XP level 1. HP: 22/22 MP: 0/0
   182 | D:1      | Reached XP level 2. HP: 26/29 MP: 1/1
   650 | D:2      | Reached XP level 3. HP: 7/36 MP: 2/2
   687 | D:2      | Reached skill level 1 in Throwing
   708 | D:2      | Found a stormy altar of Qazlal.
  1049 | D:2      | Reached XP level 4. HP: 44/44 MP: 3/3
  1184 | D:3      | Noticed Sigmund
  1772 | D:4      | Reached XP level 5. HP: 39/50 MP: 4/4
  1819 | D:4      | Found a sparkling altar of Nemelex Xobeh.
  1889 | D:4      | Reached XP level 6. HP: 17/59 MP: 5/5
  2644 | D:5      | Entered Level 5 of the Dungeon
  2770 | D:5      | Reached XP level 7. HP: 61/66 MP: 6/6
  2782 | D:5      | Reached skill level 5 in Unarmed Combat
  2793 | D:5      | Found a shattered altar of Ashenzari.
  3070 | D:5      | Reached skill level 5 in Dodging
  3339 | D:5      | HP: 1/66 [orc warrior/flail (10)]
  3366 | D:5      | Mangled by an orc warrior

Skill      XL: |  1  2  3  4  5  6  7 |
---------------+----------------------+-----
Dodging        | 3 4 5 |  5.1
Throwing       | 1 2 3 4 |  4.3
Unarmed Combat | 4 5 |  5.5
Fighting       | |  2.4
Stealth        | |  1.0

Action                   |  1- 3 |  4- 6 |  7- 9 || total
-------------------------+-------+-------+-------++-------
Melee: Unarmed           |   101 |   197 |    71 ||   369
       Punch             |     1 |     1 |       ||     2
Evoke: Wand              |       |       |     2 ||     2
  Use: Potion            |       |     4 |     1 ||     5
 Stab: Sleeping          |     1 |     2 |       ||     3
  Eat: Meat ration       |     1 |       |       ||     1
       Chunk             |    10 |    10 |     8 ||    28
Armor: Robe              |    65 |    48 |    24 ||   137
Dodge: Dodged            |    91 |    92 |    34 ||   217
